 Dungeon Crawl Stone Soup version 0.27.1 (webtiles) character file.

Game seed: 11924124734132554535

80 IBeShadow the Firebug (level 4, -1/36 HPs)
             Began as a Draconian Fire Elementalist on Aug 28, 2021.
             Succumbed to Crazy Yiuf's poison
             ... on level 2 of the Dungeon.
             The game lasted 00:03:52 (1928 turns).

IBeShadow the Firebug (Draconian Fire Elementalist) Turns: 1928, Time: 00:03:53

Health: -1/36      AC:  5    Str: 10    XL:     4   Next: 18%
Magic:  7/7        EV: 12    Int: 17    God:
Gold:   132        SH:  0    Dex: 11    Spells: 3/7 levels left

rFire    . . .     SeeInvis .   b - +1 dagger (protect)
rCold    . . .     Faith    .   (no shield)
rNeg     . . .     Spirit   .   (armour unavailable)
rPois    .         Reflect  .   (helmet restricted)
rElec    .         Harm     .   (no cloak)
rCorr    .         Rampage  .   (no gloves)
Will     .....                  (no boots)
Stlth    ++........             (no amulet)
HPRegen  0.12/turn              (no ring)
MPRegen  0.10/turn              (no ring)

@: mighty, lethally poisoned (-1 -> -3), on berserk cooldown, slowed, very slow
A: AC +5, unfitting armour, cold-blooded
a: no special abilities


You were on level 2 of the Dungeon.
You visited 1 branch of the dungeon, and saw 2 of its levels.

You collected 132 gold pieces.

Inventory:

Hand Weapons
 b - a +1 dagger of protection (weapon)
Scrolls
 a - a scroll of immolation {unknown}
 c - a scroll of identify {unknown}
 e - a scroll of magic mapping {unknown}
 h - a scroll of vulnerability {unknown}
Potions
 g - a potion of berserk rage


   Skills:
 + Level 2.3 Fighting
 - Level 1.7 Dodging
 - Level 1.7 Stealth
 - Level 2.0 Spellcasting
 + Level 2.3 Conjurations
 + Level 3.7 Fire Magic


You had 3 spell levels left.
You knew the following spells:

 Your Spells              Type           Power      Damage    Failure   Level
a - Foxfire               Conj/Fire      48%        2x1d6     5%          1
b - Conjure Flame         Conj/Fire      12%        6-21      16%         3

Your spell library contained the following spells:

 Spells                   Type           Power      Damage    Failure   Level
 Sandblast                Erth           2%         2d4       19%         1
 Inner Flame              Hex/Fire       8%         N/A       26%         3
 Passwall                 Tmut/Erth      0%         N/A       28%         2
 Sticky Flame             Conj/Fire      12%        2d4       47%         4
 Fireball                 Conj/Fire      6%         3d5       83%         5
 Lee's Rapid Deconstruct  Erth           0%         3d5*      99%         5


Dungeon Overview and Level Annotations

Branches:
Dungeon (2/15)

Altars:

Annotations:
D:2 Crazy Yiuf


Innate Abilities, Weirdness & Mutations

Your plain brown scales are hard. (AC +5)
You cannot fit into any form of body armour.
You are cold-blooded and may be slowed by cold attacks.


Message History

Casting: Foxfire (safe; 5% risk of failure)
Confirm with . or Enter, or press ? or * to list all spells.
Okay, then.
You open the door.
Casting: Foxfire (safe; 5% risk of failure)
Confirm with . or Enter, or press ? or * to list all spells.
The spell is quite dangerous to cast (16% risk of failure)!
Continue anyway?
The fire begins to smoulder!
Crazy Yiuf closely misses you.
Casting: Conjure Flame (quite dangerous; 16% risk of failure)
Confirm with . or Enter, or press ? or * to list all spells.
The spell is quite dangerous to cast (16% risk of failure)!
Continue anyway?
The fire ignites!
You are engulfed in blazing flames.
Crazy Yiuf hits you with a +3 quarterstaff of chaos!
You are lethally poisoned!
* * * LOW HITPOINT WARNING * * *
You feel very sick.
It was a potion of berserk rage.
A red film seems to cover your vision as you go berserk!
You feel yourself moving faster!
You feel mighty!
* * * LOW HITPOINT WARNING * * *
You feel very sick.
Unknown command.
You feel a strong urge to attack something.
You feel sick.
You feel sick.
You feel your anger nearly subside.
You feel sick.
You are no longer berserk.
You are exhausted.
You feel yourself slow down.
* * * LOW HITPOINT WARNING * * *
You feel sick.
* * * LOW HITPOINT WARNING * * *
You feel sick.
It was a potion of might.
You feel very mighty all of a sudden.
* * * LOW HITPOINT WARNING * * *
You feel sick.
It was a potion of magic.
Magic courses through your body.
You die...

#......#########....#
#......# #....#
####.### #....# #.#
##...# #.## ##...#
#..## ###....# ##...#
##......# #....#
##..##...# #..@.#
#..######## #.P..#
##.###...... #.P.##
#..# #...... ##g##
######...... #.##
#........... ##.#
######...... #.##
#.....† ##g# #......
#'# #......


You could see Crazy Yiuf.

Vanquished Creatures
  Jessica (D:2)
  3 dart slugs (D:2)
  A bat zombie (D:2)
  2 endoplasms
  A giant cockroach (D:2)
  6 goblins
  A hobgoblin (D:1)
  4 jackals (D:2)
  3 quokkas
  7 ball pythons
  A ball python skeleton (D:2)
  9 bats
  3 frilled lizards
  3 kobolds
  4 rats
49 creatures vanquished.

Vanquished Creatures (others)
  39 foxfires
  2 withered plants (D:2)
41 creatures vanquished.

Grand Total: 90 creatures vanquished

Notes
Turn   | Place    | Note
-------+----------+-------------------------------------------
     0 | D:1      | IBeShadow the Draconian Fire Elementalist began the quest
                  | for the Orb.
     0 | D:1      | Reached XP level 1. HP: 14/14 MP: 3/3
   161 | D:1      | Reached XP level 2. HP: 22/22 MP: 1/5
   230 | D:1      | Found a faded altar of an unknown god.
   435 | D:1      | Reached skill level 1 in Fighting
  1323 | D:2      | Reached XP level 3. HP: 28/28 MP: 3/6
  1426 | D:2      | Noticed Jessica
  1430 | D:2      | Killed Jessica
  1562 | D:2      | Reached XP level 4. HP: 36/36 MP: 7/7
  1799 | D:2      | Found a runed translucent door.
  1800 | D:2      | Noticed Crazy Yiuf
  1916 | D:2      | Learned a level 3 spell: Conjure Flame
  1927 | D:2      | HP: 1/36 [poisoned by Crazy Yiuf]
  1928 | D:2      | Succumbed to Crazy Yiuf's poison

Illustrated notes

Levels and vault maps discovered:
D:1:      dpeg_arrival_short_road, layout_basic,
          chequers_ecumenical_altar_lobes, minmay_unequal
D:2:      layout_rooms, serial_undead, serial_undead_d, serial_undead_b,
          serial_undead_b, serial_undead_c, uniq_jessica,
          uniq_crazy_yiuf_cottage

Skill      XL: |  1  2  3 |
---------------+----------+-----
Fighting       | 1 2 |  2.3
Conjurations   | 2 |  2.3
Dodging        | |  1.7
Stealth        | |  1.7
Spellcasting   | |  2.0
Fire Magic     | |  3.7

Action                   |  1- 3 |  4- 6 || total
-------------------------+-------+-------++-------
Melee: Unarmed           |    12 |       ||    12
       Tailslap          |     5 |     5 ||    10
       Dagger            |    63 |    42 ||   105
 Cast: Foxfire           |    25 |       ||    25
       Conjure Flame     |       |     2 ||     2
  Use: Potion            |       |     3 ||     3
 Stab: Sleeping          |     2 |       ||     2
Armor: Skin              |    24 |    24 ||    48
Dodge: Dodged            |    67 |    25 ||    92
